 Dungeon Sprint DCSS version bcrawl-1.12.1 (webtiles) character file.

Game seed: 8040314330155385566

700000 Groucho the Ninja (level 11, -40/81 HPs)
             Began as a Deep Dwarf Rogue on July 14, 2019.
             Was an Initiate of Makhleb.
             Annihilated by a meat berserker
             ... wielding a +9 battleaxe
              (73 damage)
             ... in the Dungeon (Sprint VIII: "Arena of Blood").
             The game lasted 00:00:20 (7 turns).

Groucho the Ninja (Deep Dwarf Rogue)                   Turns: 7, Time: 00:00:21

Health: -40/81     AC:  3    Str: 15    XL:     11   Next: 71%
Magic:  2/20       EV: 11    Int: 12    God:    Makhleb [......]
Gold:   0          SH:  0    Dex: 17    Spells: 10/10 levels left

rFire    . . .     SeeInvis .   o - +∞ Axe of Woe
rCold    . . .     Gourm    .   (shield currently unavailable)
rNeg     . . .     Faith    .   c - +0 robe
rPois    .         Spirit   .   (no helmet)
rElec    .         Reflect  .   d - +0 cloak
rCorr    .         Harm     .   (no gloves)
MR       +....     NoTele   +   (no boots)
Stlth    +++++++++.             (no amulet)
HPRegen  0.00/turn              (no ring)
MPRegen  0.17/turn              (no ring)

@: non-regenerating
A: damage resistance, sense surroundings 2, no regeneration
a: Renounce Religion


You were in the Dungeon.
You worshipped Makhleb.
Makhleb was noncommittal.
You were not hungry.

You visited 1 branch

Inventory:

Hand Weapons
 a - a +2 dagger
 b - a +0 blowgun
 o - the +∞ Axe of Woe (weapon)
   (You found it in the Dungeon)
Missiles
 e - 80 poisoned needles
Armour
 c - a +0 robe (worn)
 d - a +0 cloak (worn)
Wands
 f - a wand of flame (15)
 g - a wand of enslavement (15)
Scrolls
 n - a scroll of blinking
Potions
 i - a potion of curing
 j - a potion of heal wounds
 k - a potion of haste
 l - 2 potions of magic
 m - a potion of berserk rage
Comestibles
 h - a ration {!d}


   Skills:
 + Level 9.3 Short Blades
 + Level 6.8 Axes
 + Level 9.0 Throwing
 O Level 27 Stealth
 + Level 12.4 Evocations


You had 10 spell levels left.
You didn't know any spells.
Your spell library was empty.

Dungeon Overview and Level Annotations

Branches:
Dungeon (1/1)

Altars:
Makhleb


Innate Abilities, Weirdness & Mutations

You are resistant to damage.
You passively map the area around you.
You do not regenerate.


Message History

You have reached level 9!
Your experience leads to an increase in your attributes!
Increase (S)trength, (I)ntelligence, or (D)exterity?
You feel agile.
Your attunement to dungeon structure grows.
You have reached level 10!
You have reached level 11!
You hear a shout! x9
The meat berserker hits you with a +9 battleaxe!!!
Ouch! That really hurt!
You hear a shout! x2
A meat berserker comes into view. It is wielding a +9 battleaxe.
You hear a shout! x2
A bag of meat comes into view. It is wielding a +9 war axe.
You hear a shout! x2
A bag of meat comes into view. It is wielding a +9 war axe.
You hear a shout! x2
The meat berserker hits you with a +9 battleaxe!!!!
Ouch! That really hurt!
You die...

, , , , , , , ,,
, o., ....., ,,
*,, , #., ...#
,,, , #.., ...# .
* , .###..
,...###.., , ,,
......###....o. ,
* , ,
......_o...O, , ,
, #..O..# , ,,
,,, #_.@._# , ,
*, , #.)...# ,,
,* * *
,.o...._..... ,,
, , , ,
......###......,,
, .###..
...###.., , #..
...# .,, ,, , ,
#. ...# ,, , , ..
,..o.., , , , , ,
,, *


You could see 2 meat berserkers and 4 bags of meat.

Vanquished Creatures
  An orc (D)
1 creature vanquished.

Notes
Turn   | Place    | Note
-------+----------+-------------------------------------------
     0 | D        | Found the +∞ Axe of Woe
     0 | D        | Groucho the Deep Dwarf Rogue began the quest for the Orb.
     0 | D        | Reached XP level 1. HP: 15/15 MP: 2/2
     2 | D        | Noticed a bag of meat
     3 | D        | Noticed a bag of meat
     4 | D        | Fell from the grace of Elyvilon
     4 | D        | Became a worshipper of Makhleb the Destroyer
     5 | D        | Noticed a bag of meat
     5 | D        | Noticed a bag of meat
     6 | D        | Noticed a meat berserker
     7 | D        | Killed a bag of meat
     7 | D        | Was forgiven by Elyvilon
     7 | D        | Reached skill level 27 in Stealth
     7 | D        | Reached XP level 2. HP: 22/22 MP: 2/9
     7 | D        | Reached XP level 3. HP: 28/28 MP: 2/10
     7 | D        | Reached XP level 4. HP: 36/36 MP: 2/12
     7 | D        | Reached XP level 5. HP: 42/42 MP: 2/13
     7 | D        | Reached XP level 6. HP: 49/49 MP: 2/15
     7 | D        | Reached XP level 7. HP: 55/55 MP: 2/16
     7 | D        | Reached XP level 8. HP: 62/62 MP: 2/17
     7 | D        | Gained mutation: You passively map the area around you.
                  | [Deep Dwarf growth]
     7 | D        | Reached XP level 9. HP: 68/68 MP: 2/18
     7 | D        | Reached XP level 10. HP: 75/75 MP: 2/19
     7 | D        | Reached XP level 11. HP: 81/81 MP: 2/20
     7 | D        | Noticed a meat berserker
     7 | D        | Noticed a bag of meat
     7 | D        | Noticed a bag of meat
     7 | D        | Annihilated by a meat berserker

Skill      XL: |  1 |
---------------+----+-----
Short Blades   | 9 |  9.3
Axes           | 6 |  6.8
Throwing       | 9 |  9.0
Stealth        | 27 | 27.0
Evocations     | 12 | 12.4

Action                   |  1- 3 |  4- 6 |  7- 9 | 10-12 || total
-------------------------+-------+-------+-------+-------++-------
Melee: Executioner's axe |     1 |       |       |       ||     1
